 Dungeon Crawl Stone Soup version 0.27-a0-1185-ga233589e6f (webtiles) character file.

Game seed: 17977062755195592645

60 Delamore the Shield-Bearer (level 4, -2/29 HPs)
             Began as a Gargoyle Fighter on May 18, 2021.
             Slain by a gnoll shaman
             ... wielding a +0 whip
              (6 damage)
             ... on level 2 of the Dungeon.
             The game lasted 00:01:46 (2737 turns).

Delamore the Shield-Bearer (Gargoyle Fighter)       Turns: 2737, Time: 00:01:47

Health: -2/29      AC: 11    Str: 20    XL:     4   Next: 6%
Magic:  4/4        EV:  7    Int:  9    God:
Gold:   146        SH:  9    Dex:  9    Spells: 3/3 levels left

rFire    . . .     SeeInvis .   a - +0 flail
rCold    . . .     Faith    .   c - +0 kite shield
rNeg     + . .     Spirit   .   b - +0 scale mail
rPois    ∞         Reflect  .   (no helmet)
rElec    +         Harm     .   (no cloak)
rCorr    .         Rampage  .   (no gloves)
Will     .....                  i - +0 pair of boots
Stlth    ..........             (no amulet)
HPRegen  0.09/turn              (no ring)
MPRegen  0.09/turn              (no ring)

@: lit by a corona, glowing
A: sickness immunity, AC +3, negative energy resistance 1, electricity
resistance, torment resistance 1, petrification resistance
a: no special abilities


You were on level 2 of the Dungeon.
You visited 1 branch of the dungeon, and saw 3 of its levels.

You collected 146 gold pieces.

Inventory:

Hand Weapons
 a - a +0 flail (weapon)
Armour
 b - a +0 scale mail (worn)
 c - a +0 kite shield (worn)
 i - a +0 pair of boots (worn)
Scrolls
 e - a scroll of amnesia {unknown}
 f - a scroll of blinking {unknown}
 g - a scroll of immolation {unknown}
 h - a scroll of summoning {unknown}
 j - 2 scrolls of identify {unknown}
 k - a scroll of enchant armour {unknown}
 l - a scroll of teleportation {unknown}
Potions
 d - a potion of might


   Skills:
 + Level 4.0 Fighting
 + Level 2.8 Maces & Flails
 - Level 3.2 Armour
 + Level 4.1 Shields


You had 3 spell levels left.
You didn't know any spells.
Your spell library contained the following spells:

 Spells                   Type           Power      Damage    Failure   Level
 Magic Dart               Conj           0%         1d3       99%         1
 Searing Ray              Conj           0%         3d3       100%        2
 Dazzling Flash           Conj/Hex       0%         N/A       100%        3
 Fulminant Prism          Conj/Hex       0%         3d6       100%        4
 Iskenderun's Mystic Bla  Conj/Tloc      0%         2d3       100%        4


Dungeon Overview and Level Annotations

Branches:
Dungeon (3/15)

Altars:


Innate Abilities, Weirdness & Mutations

You are immune to sickness and miasma.
Your stone body is resilient. (AC +3)
You are immune to poison.
You resist negative energy. (rN+)
You are resistant to electric shocks. (rElec)
You are resistant to unholy torment.
You are immune to petrification.


Message History

You climb upwards.
There is a stone staircase leading down here.
You climb downwards.
The gnoll hits you but does no damage.
The gnoll hits you from afar with a +0 spear.
There is a stone staircase leading up, spattered with blood here.
You see here an adder skeleton.
You block the gnoll's attack.
You climb upwards.
There is a stone staircase leading down here.
You start resting.
HP restored.
You climb downwards.
The gnoll barely misses you.
There is a stone staircase leading up, spattered with blood here.
You see here an adder skeleton.
The gnoll hits you with a +0 spear!
You see here 14 stones.
You closely miss the gnoll.
The gnoll shaman calls upon its god to speed up the gnoll.
The gnoll seems to speed up.
The gnoll hits you with a +0 spear. You block the gnoll's attack.
The gnoll hits you but does no damage.
There is a stone staircase leading up, spattered with blood here.
You see here an adder skeleton.
You block the gnoll's attack. The gnoll shaman barely misses you.
You block the gnoll's attack.
You climb upwards.
There is a stone staircase leading down here.
You barely miss the gnoll shaman.
The gnoll shaman hits you with a +0 whip!
Your shield prevents you from hitting the gnoll shaman.
The gnoll shaman hits you but does no damage.
The gnoll shaman mumbles some strange prayers to its god against you.
You are outlined in light.
You hit the gnoll shaman but do no damage.
The gnoll shaman hits you with a +0 whip.
* * * LOW HITPOINT WARNING * * *
You sock the gnoll shaman!
The gnoll shaman is heavily wounded.
The gnoll shaman hits you with a +0 whip.
You die...

#.####......######.## ##.########
#.# #............## ##........
#(# ##..#..######.## ##..#######
..# #.#.#.# ##.###.#.# #.#
#.###.# ##.#.##.# #.# ##.###.#
#####..###.# #.# ##...##.#
#.....†# #.#
#.###.....#.####.####.# #.#
..........#.#.##@# #.# #.#
#.#####.#.#....#g# #.# #.#
#.........#......####.###.#######
#..#####......)..................
#..# #..#......####.##.########
#..# #.......#.# #.##.# ##.#
#..###.##.# #....# ...#####..#
####.# ###### ##.......## #.#


You could see a gnoll shaman.

Vanquished Creatures
  An adder (D:3)
  A gnoll (D:3)
  3 bats (D:1)
  4 endoplasms
  A goblin (D:1)
  10 hobgoblins
  4 jackals (D:1)
  2 quokkas
  4 ball pythons
  2 kobolds
  3 rats
35 creatures vanquished.

Notes
Turn   | Place    | Note
-------+----------+-------------------------------------------
     0 | D:1      | Delamore the Gargoyle Fighter began the quest for the Orb.
     0 | D:1      | Reached XP level 1. HP: 14/14 MP: 1/1
   203 | D:1      | Reached XP level 2. HP: 16/19 MP: 2/2
   631 | D:1      | Found a faded altar of an unknown god.
  1296 | D:2      | Reached XP level 3. HP: 19/24 MP: 3/3
  2417 | D:3      | Reached XP level 4. HP: 10/29 MP: 4/4
  2737 | D:2      | Slain by a gnoll shaman

Illustrated notes

Levels and vault maps discovered:
D:1:      lemuel_arrival_muddy, layout_basic, hellmonk_ecumenical_altar_zigzags
D:2:      layout_loops_ring
D:3:      layout_loops_ring

Skill      XL: |  1  2  3 |
---------------+----------+-----
Fighting       | 4 |  4.0
Shields        | 4 |  4.1
Maces & Flails | |  2.8
Armour         | |  3.2

Action                   |  1- 3 |  4- 6 || total
-------------------------+-------+-------++-------
Melee: Flail             |   159 |     7 ||   166
Armor: Scale mail        |   102 |     3 ||   105
Dodge: Dodged            |    50 |     4 ||    54
Block: Kite shield       |    91 |     4 ||    95

Table legend: (Time is in decaauts)
 A = Elapsed time spent in this place.
 B = Non-inter-level travel time spent in this place.
 C = Inter-level travel time spent in this place.
 D = Time resting spent in this place.
 E = Time spent auto-exploring this place.
 F = Levels seen in this place.
 G = Mean time per level.
                   A        B        C        D        E       F      G
               +--------+--------+--------+--------+--------+-----+--------+
         Total |   2827 |   2737 |     90 |    391 |   1903 |   3 |  942.3 |
       Dungeon |   2827 |   2737 |     90 |    391 |   1903 |   3 |  942.3 |
               +--------+--------+--------+--------+--------+-----+--------+

Top non-repeatable levels by time:
     D:1: 1255 daAuts
     D:2: 1146 daAuts
     D:3: 424 daAuts
